 Dungeon Crawl Stone Soup version 0.29-a0-1016-g236c7fd91e (webtiles) character file.

Game seed: 12235232467442612223

112 flotson the Sneak (level 4, -2/37 HPs)
             Began as a Demonspawn Delver on Aug 10, 2022.
             Slain by a gnoll
             ... wielding a +0 whip
              (4 damage)
             ... on level 2 of the Dungeon.
             The game lasted 00:03:39 (2450 turns).

flotson the Sneak (Demonspawn Delver)               Turns: 2450, Time: 00:03:40

Health: -2/37      AC:  8    Str: 15    XL:     4   Next: 64%
Magic:  4/4        EV:  7    Int: 13    God:
Gold:   212        SH:  0    Dex: 14    Spells: 3/3 levels left

rFire   . . .      SeeInvis .   a - +0 hand axe
rCold   + . .      Faith    .   (no shield)
rNeg    . . .      Spirit   .   o - +0 chain mail {rC+}
rPois   .          Reflect  .   (helmet restricted)
rElec   .          Harm     .   (no cloak)
rCorr   .          Rampage  .   (no gloves)
Will    .....                   (no boots)
Stlth   ..........              (no amulet)
HPRegen 0.12/turn               (no ring)
MPRegen 0.09/turn               (no ring)

@: no status effects
A: horns 1, foul stench 1, big brain 1
a: no special abilities


You were on level 2 of the Dungeon.
You visited 1 branch of the dungeon, and saw 5 of its levels.

You collected 212 gold pieces.

Inventory:

Hand Weapons
 a - a +0 hand axe (weapon)
Missiles
 d - 4 javelins (quivered)
Armour
 o - a +0 chain mail of cold resistance (worn)
Jewellery
 k - a ring of positive energy
Wands
 g - a wand of digging (3)
Scrolls
 c - a scroll of fog
 e - 2 scrolls of fear
 f - a scroll of summoning {unknown}
 h - 2 scrolls of identify {unknown}
 m - a scroll of butterflies {unknown}
 n - a scroll of enchant weapon {unknown}
 p - a scroll of poison {unknown}
 q - a scroll of enchant armour {unknown}
 r - 2 scrolls of immolation {unknown}
 s - a scroll of torment {unknown}
 t - a scroll of magic mapping
 u - a scroll of teleportation {unknown}
Potions
 b - 5 potions of flight {unknown}
 i - a potion of brilliance {unknown}
 j - a potion of ambrosia {unknown}
 l - a potion of attraction {unknown}


   Skills:
 + Level 3.7 Fighting
 - Level 1.7 Axes
 + Level 0.4 Throwing
 + Level 1.6 Armour
 + Level 2.6 Dodging
 - Level 4.5 Stealth
 + Level 1.9 Evocations


You had 3 spell levels left.
You didn't know any spells.
Your spell library contained the following spells:

 Spells                   Type           Power      Damage    Failure   Level
 Apportation              Tloc           0%         N/A       100%        1
 Necrotise                Necr           0%         1d4       100%        1
 Summon Small Mammal      Summ           0%         N/A       100%        1
 Malign Gateway           Summ/Tloc      0%         N/A       100%        7
 Summon Horrible Things   Summ           0%         N/A       100%        8


Dungeon Overview and Level Annotations

Branches:
Dungeon (5/15)
 Temple: D:4-7

Altars:
Makhleb

Annotations:
D:4 Ijyb


Innate Abilities, Weirdness & Mutations

You have a pair of small horns on your head.
You may rarely emit foul miasma when damaged in melee.
You have an unusually large brain. (Int +2)


Message History

You hit the gnoll but do no damage. The gnoll barely misses you.
The gnoll hits you from afar with a +0 spear.
You barely miss the gnoll.
The gnoll is moderately wounded.
You barely miss the gnoll. The gnoll hits you with a +0 club.
The gnoll hits you but does no damage. The gnoll hits you with a +0 whip.
The gnoll barely misses you. The gnoll hits you with a +0 whip.
The gnoll hits you but does no damage.
You barely miss the gnoll. You punch the gnoll.
The gnoll is heavily wounded.
You hit the gnoll but do no damage.
The gnoll hits you but does no damage. x3
You hit the gnoll but do no damage. Your headbutt misses the gnoll.
The gnoll is heavily wounded.
You barely miss the gnoll. The gnoll hits you but does no damage.
The gnoll completely misses you. The gnoll closely misses you.
You hit the gnoll.
The gnoll is almost dead.
You hit the gnoll. The gnoll barely misses you.
The gnoll hits you from afar with a +0 spear.
The gnoll hits you but does no damage.
You are too injured to fight recklessly!
You are too injured to fight recklessly!
You are too injured to fight recklessly!
You are too injured to fight recklessly!
You are too injured to fight recklessly!
You are too injured to fight recklessly!
You are too injured to fight recklessly!
You hit the gnoll but do no damage.
The gnoll is almost dead.
You barely miss the gnoll. The gnoll hits you with a +0 club.
The gnoll hits you from afar with a +0 spear.
* * * LOW HITPOINT WARNING * * *
The gnoll hits you but does no damage. x3; The gnoll barely misses you.
The gnoll attacks as you move away! The gnoll hits you with a +0 club.
* * * LOW HITPOINT WARNING * * *
The gnoll attacks as you move away! The gnoll hits you with a +0 club.
* * * LOW HITPOINT WARNING * * *
You emit a cloud of foul miasma!
The gnoll attacks as you move away! The gnoll hits you with a +0 whip.
You die...

##### #...# ### # # #.#.#
#.. .#. #.#.# #.# #.#
#.#.# #.# #.# #.#.# #.#
##.#####.# #.#.#
#.###......... #.#.#
#..##ggg......
######.#.###...#@######<#
.......#.##.............
########.##......#######
#....#.#..# ####.###.##
#.....# ###.### ###### .#
.....# #.#


You could see 3 gnolls.

Vanquished Creatures
  A hound (D:4)
  An orc priest (D:4)
  A gnoll (D:2)
  An ufetubus (D:4)
  A worm (D:2)
  2 dart slugs
  2 orcs
  2 ball pythons
  2 endoplasms
  A goblin (D:1)
  A hobgoblin (D:1)
  3 jackals (D:4)
  4 quokkas
  A bat (D:3)
  2 frilled lizards (D:1)
  2 kobolds (D:1)
  A rat (D:1)
28 creatures vanquished.

Notes
Turn   | Place    | Note
-------+----------+-------------------------------------------
     0 | D:5      | flotson the Demonspawn Delver began the quest for the Orb.
     0 | D:5      | Reached XP level 1. HP: 18/18 MP: 1/1
   495 | D:4      | Noticed an orc priest
   495 | D:4      | Noticed an orc priest
   560 | D:3      | Found a faded altar of an unknown god.
   787 | D:4      | Killed an orc priest
   788 | D:4      | Reached skill level 1 in Armour
   788 | D:4      | Reached skill level 1 in Evocations
   788 | D:4      | Gained mutation: You have an unusually large brain. (Int
                  | +2) [demonic ancestry]
   788 | D:4      | Reached XP level 2. HP: 16/24 MP: 2/2
   788 | D:4      | Gained mutation: You have a pair of small horns on your
                  | head. [demonic ancestry]
   788 | D:4      | Reached XP level 3. HP: 20/29 MP: 3/3
   902 | D:4      | Noticed Ijyb
  1025 | D:3      | Found a burning altar of Makhleb.
  1063 | D:4      | Gained mutation: You may rarely emit foul miasma when
                  | damaged in melee. [demonic ancestry]
  1063 | D:4      | Reached XP level 4. HP: 27/35 MP: 4/4
  1763 | D:1      | Found a faded altar of an unknown god.
  2450 | D:2      | Slain by a gnoll

Illustrated notes

Levels and vault maps discovered:
D:1:      dpeg_arrival_arbitrary_b, layout_basic, basic_ecumenical_altar
D:2:      layout_loops_ring, minmay_tree_intersection
D:3:      minmay_door_path, layout_basic, nicolae_overflow_hidden_temple,
          mainiacjoe_overflow_alcove_1, mainiacjoe_overflow_catwalk,
          nicolae_overflow_ecumenical_swirl, st_stairs_10, grunt_ministairs_15
D:4:      layout_gridville, chequers_serial_rivers_small_a, uniq_ijyb
D:5:      layout_rooms

Skill      XL: |  1 |
---------------+----+-----
Dodging        | 2 |  2.6
Armour         | 1 |  1.6
Evocations     | 1 |  1.9
Fighting       | |  3.7
Axes           | |  1.7
Throwing       | |  0.4
Stealth        | |  4.5

Action                   |  1- 3 |  4- 6 || total
-------------------------+-------+-------++-------
Melee: Hand axe          |    43 |    63 ||   106
       Headbutt          |     5 |     9 ||    14
       Punch             |       |     1 ||     1
  Use: Scroll            |     1 |       ||     1
       Potion            |     1 |       ||     1
 Stab: Sleeping          |     2 |     2 ||     4
Armor: Leather armour    |     9 |     4 ||    13
       Chain mail        |       |    33 ||    33
Dodge: Dodged            |    24 |    32 ||    56

Table legend: (Time is in decaauts)
 A = Elapsed time spent in this place.
 B = Non-inter-level travel time spent in this place.
 C = Inter-level travel time spent in this place.
 D = Time resting spent in this place.
 E = Time spent auto-exploring this place.
 F = Levels seen in this place.
 G = Mean time per level.
                   A        B        C        D        E       F      G
               +--------+--------+--------+--------+--------+-----+--------+
         Total |   2454 |   2427 |     27 |    200 |   1757 |   5 |  490.8 |
       Dungeon |   2454 |   2427 |     27 |    200 |   1757 |   5 |  490.8 |
               +--------+--------+--------+--------+--------+-----+--------+

Top non-repeatable levels by time:
     D:4: 771 daAuts
     D:1: 756 daAuts
     D:3: 508 daAuts
     D:2: 396 daAuts
     D:5: 21 daAuts
